 Dungeon Sprint DCSS version 0.27.1-1-g398f81649c (webtiles) character file.

Game seed: 15550280891004372582

235 styxcanada the Covert (level 5, -1/28 HPs)
             Began as a Spriggan Brigand on Sept 18, 2021.
             Was an Initiate of Gozag.
             Slain by a spriggan (11 damage)
             ... in the Dungeon (Sprint IV: "Fedhas' Mad Dash").
             The game lasted 00:02:12 (437 turns).

styxcanada the Covert (Spriggan Brigand)             Turns: 437, Time: 00:02:12

Health: -1/28      AC:  3    Str:  7    XL:     5   Next: 76%
Magic:  6/6        EV: 20    Int: 12    God:    Gozag
Gold:   167        SH:  0    Dex: 18    Spells: 4/4 levels left

rFire    . . .     SeeInvis +   a - +2 dagger
rCold    . . .     Faith    .   (shield restricted)
rNeg     . . .     Spirit   .   b - +0 robe
rPois    .         Reflect  .   (helmet restricted)
rElec    .         Harm     .   c - +0 cloak
rCorr    .         Rampage  .   (gloves unavailable)
Will     .....     NoTele   +   (boots unavailable)
Stlth    ++++++....             l - amulet of invisibility {+Inv}
HPRegen  0.09/turn              (no ring)
MPRegen  0.10/turn              (no ring)

@: very slightly contaminated, very quick
A: very small, no large weapons, unfitting armour, see invisible, speed 3
a: Renounce Religion, Evoke Invisibility, Potion Petition, Call Merchant, Bribe
Branch


You were in the Dungeon.
You worshipped Gozag.
Gozag was aware of your devotion.
You visited 1 branch You collected 167 gold pieces.

Inventory:

Hand Weapons
 a - a +2 dagger (weapon)
Missiles
 m - 17 stones (quivered)
Armour
 b - a +0 robe (worn)
 c - a +0 cloak (worn)
Jewellery
 l - the amulet of invisibility (around neck) {+Inv}
   (You found it in the Dungeon)

   [amulet of nothing]

   +Inv:      It lets you turn invisible.
Scrolls
 k - a scroll of blinking
Potions
 f - 2 potions of curing
 g - a potion of heal wounds
 h - a potion of haste
 i - 2 potions of magic
 j - a potion of berserk rage


   Skills:
 * Level 3.5 Fighting
 + Level 3.6 Short Blades
 + Level 3.7 Throwing
 * Level 5.4 Dodging
 * Level 14.6 Stealth
 * Level 3.0 Evocations


You had 4 spell levels left.
You didn't know any spells.
Your spell library was empty.

Dungeon Overview and Level Annotations

Branches:
Dungeon (1/1)

Altars:
Cheibriados
Dithmenos
Elyvilon
Gozag
Hepliaklqana
Kikubaaqudgha
Makhleb
Nemelex Xobeh
Okawaru
Qazlal
Ru
Sif Muna
Trog
Uskayaw
Vehumet
Wu Jian
Xom
Yredelemnul
Zin
The Shining One
Beogh
Jiyva
Lugonu

Shops:
D [


Innate Abilities, Weirdness & Mutations

You are very small and have problems with some larger weapons.
You are too small for most types of armour.
You have supernaturally acute eyesight. (SInv)
You cover ground extremely quickly. (Speed+++)


Message History

Press: ? - help, Q - select action, (/) - cycle Shift-Dir - straight line, f/p - spriggan
Aim: a spriggan, wielding a +0 short sword, wearing a +0 robe and wearing a +0 buckler (severely wounded, 36% to hit)
You throw a poisoned dart. The spriggan blocks the poisoned dart.
Unknown command.
There is an open door here.
Throw: 2 darts (poison)
Press: ? - help, Q - select action, (/) - cycle Shift-Dir - straight line, f/p - spriggan
Aim: a spriggan, wielding a +0 short sword, wearing a +0 robe and wearing a +0 buckler (severely wounded, 36% to hit)
You throw a poisoned dart. The poisoned dart hits the spriggan.
The spriggan is severely wounded.
The spriggan barely misses you.
Throw: dart (poison)
Press: ? - help, Q - select action, (/) - cycle Shift-Dir - straight line, f/p - spriggan
Aim: a spriggan, wielding a +0 short sword, wearing a +0 robe and wearing a +0 buckler (severely wounded, 36% to hit)
You throw a poisoned dart.
The poisoned dart misses the spriggan. x2
The spriggan hits you with a +0 short sword!
Throw: 2 darts (curare)
Press: ? - help, Q - select action, (/) - cycle Shift-Dir - straight line, f/p - spriggan
Aim: a spriggan, wielding a +0 short sword, wearing a +0 robe and wearing a +0 buckler (severely wounded, 36% to hit)
You throw a curare-tipped dart.
The curare-tipped dart misses the spriggan.
The curare-tipped dart misses the spriggan.
The spriggan closely misses you.
There is an open door here.
Throw: dart (curare)
Press: ? - help, Q - select action, (/) - cycle Shift-Dir - straight line, f/p - spriggan
Aim: a spriggan, wielding a +0 short sword, wearing a +0 robe and wearing a +0 buckler (severely wounded, 36% to hit)
You throw a curare-tipped dart.
The curare-tipped dart closely misses the spriggan.
The curare-tipped dart completely misses the spriggan.
The spriggan closely misses you.
Throw: 18 stones
Press: ? - help, Q - select action, (/) - cycle Shift-Dir - straight line, f/p - spriggan
Aim: a spriggan, wielding a +0 short sword, wearing a +0 robe and wearing a +0 buckler (severely wounded, 36% to hit)
You throw a stone.
The stone hits the spriggan but does no damage.
The spriggan is severely wounded.
The spriggan hits you with a +0 short sword of speed!
You die...
Your body crumbles into a pile of gold.

########################
#<÷.P#..i..#.....#.⌠._._
#PP..'.@i..'(#.(.'.._(_.
#PPPP#.....#.#...#..._._
###############+##.._._.
#._._._ $ $#######


$$$$ You could see 2 spriggans.

Vanquished Creatures
  2 scorpions (D)
  3 oklob saplings (D)
  A river rat (D)
  A rat (D)
7 creatures vanquished.

Notes
Turn   | Place    | Note
-------+----------+-------------------------------------------
     0 | D        | styxcanada the Spriggan Brigand began the quest for the
                  | Orb.
     0 | D        | Reached XP level 1. HP: 10/10 MP: 2/2
    16 | D        | Reached skill level 7 in Stealth
    16 | D        | Reached XP level 2. HP: 15/15 MP: 3/3
    40 | D        | Noticed an oklob sapling
    42 | D        | Killed an oklob sapling
    43 | D        | Reached skill level 9 in Stealth
    43 | D        | Reached XP level 3. HP: 19/19 MP: 4/4
    44 | D        | Noticed a scorpion
    44 | D        | Found the amulet of invisibility {+Inv}
    46 | D        | Killed a scorpion
    47 | D        | Reached skill level 11 in Stealth
    47 | D        | Reached XP level 4. HP: 23/23 MP: 5/5
    71 | D        | Found an opulent altar of Gozag.
    71 | D        | Found a hazy altar of Hepliaklqana.
    71 | D        | Found a burning altar of Makhleb.
    71 | D        | Found a sparkling altar of Nemelex Xobeh.
    71 | D        | Found a snail-covered altar of Cheibriados.
    71 | D        | Found a sacrificial altar of Ru.
    71 | D        | Found a shimmering blue altar of Sif Muna.
    71 | D        | Found a shimmering altar of Xom.
    71 | D        | Found a basalt altar of Yredelemnul.
    72 | D        | Found a viscous altar of Jiyva.
    72 | D        | Found a bloodstained altar of Trog.
    72 | D        | Found an ornate altar of the Wu Jian Council.
    73 | D        | Found an iron altar of Okawaru.
    73 | D        | Found a shadowy altar of Dithmenos.
    73 | D        | Found a glowing silver altar of Zin.
    74 | D        | Found an ancient bone altar of Kikubaaqudgha.
    74 | D        | Found a hide-covered altar of Uskayaw.
    75 | D        | Found a stormy altar of Qazlal.
    75 | D        | Found a white marble altar of Elyvilon.
    75 | D        | Found a glowing golden altar of the Shining One.
    76 | D        | Became a worshipper of Gozag Ym Sagoz the Greedy
    77 | D        | Found a corrupted altar of Lugonu.
    77 | D        | Found a radiant altar of Vehumet.
    90 | D        | Reached skill level 13 in Stealth
    90 | D        | Reached skill level 1 in Evocations
    90 | D        | Reached XP level 5. HP: 11/28 MP: 4/6
   385 | D        | Reached skill level 5 in Dodging
   396 | D        | Found Oklawump's Armour Shop.
   397 | D        | Reached skill level 14 in Stealth
   437 | D        | Slain by a spriggan

Illustrated notes

Levels and vault maps discovered:
D:        dungeon_sprint_fedhas [sprint_temple]

Skill      XL: |  1  2  3  4  5 |
---------------+----------------+-----
Dodging        | 2 3 4 5 |  5.4
Stealth        | 7 9 11 13 14 | 14.6
Fighting       | 2 3 |  3.5
Short Blades   | 3 |  3.6
Throwing       | 3 |  3.7
Evocations     | 1 3 |  3.0

Action                   |  1- 3 |  4- 6 || total
-------------------------+-------+-------++-------
Melee: Dagger            |     4 |    13 ||    17
Throw: Dart              |     7 |    10 ||    17
       Stone             |       |     1 ||     1
 Abil: Evoke Invisibilit |       |     2 ||     2
 Stab: Sleeping          |     2 |     1 ||     3
       Invisible         |       |     2 ||     2
Armor: Robe              |       |     1 ||     1
Dodge: Dodged            |     2 |     9 ||    11
